 Dungeon Crawl Stone Soup version 0.21.1-1-g345015f (webtiles) character file.

16292 n0claF the Cruncher (level 12, -4/112 HPs)
             Began as a Minotaur Gladiator on June 25, 2018.
             Was a High Priest of Okawaru.
             Slain by Rupert
             ... wielding a +4 great mace of crushing
              (11 damage)
             ... on level 12 of the Dungeon.
             The game lasted 00:49:11 (14327 turns).

n0claF the Cruncher (Minotaur Gladiator)           Turns: 14327, Time: 00:49:11

Health: -4/112     AC: 15    Str: 24    XL:     12   Next: 8%
Magic:  11/11      EV: 21    Int:  5    God:    Okawaru [*****.]
Gold:   401        SH:  3    Dex: 19    Spells: 11/11 levels left

rFire    + . .     SeeInvis .   a - +0 lajatang (pain)
rCold    . . .     Gourm    .   (shield currently unavailable)
rNeg     + + .     Faith    .   q - +0 leather armour of Carauwin {*Slow rN++ rCorr Stlth+}
rPois    .         Spirit   .   c - +1 hat
rElec    .         Reflect  +   L - +4 cloak "Ciusom" {rF+ Dex+4}
rCorr    +         Harm     .   (no gloves)
MR       .....                  s - +0 pair of boots
Stlth    ++........             t - amulet "Gylas" {Reflect Dex+3 SH+3}
HPRegen  0.28/turn              D - +2 ring of slaying
MPRegen  0.12/turn              g - +3 ring of protection

@: no status effects
A: retaliatory headbutt, horns 2
a: Heroism, Finesse, Renounce Religion


You were on level 12 of the Dungeon.
You worshipped Okawaru.
Okawaru was extremely pleased with you.
You were not hungry.

You visited 2 branches of the dungeon, and saw 13 of its levels.
You also visited: Labyrinth and Ossuary.

You collected 836 gold pieces.
You spent 435 gold pieces at shops.

Inventory:

Hand Weapons
 a - a +0 lajatang of pain (weapon)
   (You found it on level 8 of the Dungeon)
 b - the +8 hand crossbow "Ytuppeerie" {freeze, rC+ Int+4}
   (You found it in a labyrinth)

   It causes projectiles fired from it to freeze those they strike, causing
   extra injury to most foes and up to half again as much damage against
   particularly susceptible opponents.
   They can also slow down cold-blooded creatures.
   It affects your intelligence (+4).
   It protects you from cold.
 O - a +4 quarterstaff of chaos
   (You took it off Crazy Yiuf on level 3 of the Dungeon)
Missiles
 l - 23 bolts
 K - 4 throwing nets (quivered) {!f}
Armour
 c - a +1 hat (worn)
 q - the +0 leather armour of Carauwin (worn) {*Slow rN++ rCorr Stlth+}
   (You found it on level 11 of the Dungeon)

   It greatly protects you from negative energy.
   It protects you from acid and corrosion.
   It may slow you when you take damage.
   It makes you more stealthy.
 s - a +0 pair of boots (worn)
   (You found it on level 4 of the Dungeon)
 L - the +4 cloak "Ciusom" (worn) {rF+ Dex+4}
   (You found it in a labyrinth)

   It affects your dexterity (+4).
   It protects you from fire.
Jewellery
 g - a +3 ring of protection (right hand)
   (You found it on level 1 of the Dungeon)
 h - an uncursed ring of ice
   (You found it on level 1 of the Dungeon)
 i - an uncursed ring of poison resistance {unknown}
   (You took it off a minotaur in a labyrinth)
 t - the amulet "Gylas" (around neck) {Reflect Dex+3 SH+3}
   (You bought it in a shop on level 10 of the Dungeon)

   [amulet of reflection]

   It shields you and reflects attacks.
   It affects your dexterity (+3).
   It affects your SH (+3).
 y - an uncursed amulet of guardian spirit
   (You found it on level 4 of the Dungeon)
 C - a cursed ring of loudness {unknown}
   (You found it on level 10 of the Dungeon)
 D - a +2 ring of slaying (left hand)
   (You found it on level 8 of the Dungeon)
 P - an uncursed ring of magical power
   (You found it in a labyrinth)
Wands
 d - a wand of iceblast (12)
   (You found it in a labyrinth)
 v - a wand of digging (19)
   (You took it off Robin on level 3 of the Dungeon)
 x - a wand of acid (10)
   (You took it off Ijyb on level 5 of the Dungeon)
 M - a wand of enslavement (13)
   (You found it in a labyrinth)
Scrolls
 f - 7 scrolls of identify {@r1}
 j - 3 scrolls of teleportation {@r4}
 o - 2 scrolls of random uselessness
 p - 4 scrolls of fear
 w - 2 scrolls of enchant armour
 z - 2 scrolls of remove curse {@r2}
 H - 2 scrolls of fog
Potions
 k - 7 potions of curing {@q1}
 m - 2 potions of mutation {unknown}
 n - 3 potions of cancellation {unknown}
 r - a potion of flight {unknown}
 u - 5 potions of might {unknown}
 A - 3 potions of degeneration {unknown}
 F - a potion of ambrosia {unknown}
 G - 2 potions of agility {unknown}
 J - 2 potions of resistance {unknown}
Books
 I - a book of Air
   (You found it on level 7 of the Dungeon)
 N - a book of Annihilations
   (You found it in a labyrinth)
Comestibles
 e - 20 rations {!d}
 B - 2 chunks of flesh


   Skills:
 + Level 11.8 Fighting
 + Level 12.0 Staves
 + Level 3.0 Crossbows
 - Level 2.0 Throwing
 + Level 11.5 Armour
 + Level 11.2 Dodging


You had 11 spell levels left.
You didn't know any spells.

Dungeon Overview and Level Annotations

Branches:
Dungeon (12/15)            Temple (1/1) D:7            Lair (0/6) D:8
    Orc (0/2) D:9

Altars:
Ashenzari
Cheibriados
Dithmenos
Elyvilon
Fedhas
Gozag
Hepliaklqana
Kikubaaqudgha
Makhleb
Nemelex Xobeh
Okawaru
Qazlal
Ru
Sif Muna
Trog
Uskayaw
Vehumet
Wu Jian
Xom
Yredelemnul
Zin
The Shining One
Beogh

Shops:
D:10 *=}*

Annotations:
D:10 Fannar
D:12 Rupert


Innate Abilities, Weirdness & Mutations

You reflexively headbutt those who attack you in melee.
You have a pair of horns on your head.


Message History

There is an open door here.
The +8 hand crossbow "Ytuppeerie" {freeze, rC+ Int+4} is covered in frost.
b - the +8 hand crossbow "Ytuppeerie" (weapon)
{freeze, rC+ Int+4} Rupert shouts!
Aim: Rupert, wielding a great mace of crushing and wearing a runed leather armour You shoot a bolt.
The bolt barely misses Rupert.
Aim: Rupert, wielding a great mace of crushing and wearing a runed leather armour You shoot a bolt.
The bolt hits Rupert!
The bolt freezes Rupert.
Rupert roars wildly at you.
You are confused.
Here: Rupert, wielding a great mace of crushing and wearing a runed leather armour (lightly wounded)
A bolt.
The floor, spattered with blood.
You bump into the rock wall.
The +8 hand crossbow "Ytuppeerie" {freeze, rC+ Int+4} stops glowing.
You have a feeling of ineptitude.
a - a +0 lajatang of pain (weapon)
Rupert roars wildly at you.
You are more confused.
You're too confused to move!
Rupert screams, "Get ready!
I'll kill you!
Or something like that..."
You're too confused to move!
Rupert closely misses you.
You slash Rupert!
Rupert shouts, "I'm a great and powerful hero!"
You slice Rupert!! Rupert misses you.
Rupert hits you with a great mace of crushing!
You feel less confused.
Rupert hits you with a great mace of crushing!
You slash Rupert! You headbutt Rupert! Rupert yells loudly at you.
You are confused.
You bump into the rock wall.
Rupert yells loudly at you.
You suddenly lose the ability to move!
Rupert roars wildly at you.
You are more confused.
You can move again.
Rupert roars madly and goes into a rage!
Rupert goes berserk!
Rupert hits you with a great mace of crushing.
Rupert hits you with a great mace of crushing!!
* * * LOW HITPOINT WARNING * * *
* * * LOW HITPOINT WARNING * * *
You bump into the rock wall.
Rupert hits you with a great mace of crushing!!
* * * LOW HITPOINT WARNING * * *
* * * LOW HITPOINT WARNING * * *
You feel less confused.
Rupert hits you with a great mace of crushing!
You die...

.(............#.## .... ..
#####.........#.#####.###.##
#.........#............#
#####.......#.#....##.#....# #
#...#########.####.##.##.#.#.#
#.......# #[####.#.....#...#
#.......# #......#.........#
........# #......#).......>.
......### #...@..#.#.....##.
......## #..@.......#####
.......######..........#
..............#+#......#
#+#...)......## ##.....# #
####.......# ###'### .
#....#### #......# #...<...#
#......# #..)##### #..(...#


You could see Rupert (berserk).

Vanquished Creatures
  A minotaur (Lab)
  A hydra (D:10)
  A death knight (D:12)
  8 two-headed ogres
  Nergalle (D:11)
  A cyclops (D:12)
  A manticore (D:9)
  2 freezing wraiths (D:12)
  A hornet (D:11)
  Grinder (D:4)
  Sigmund (D:5)
  A hippogriff (D:9)
  A wraith (D:12)
  A basilisk (D:12)
  A steam dragon (D:11)
  A water moccasin (D:12)
  2 hell hounds (D:8)
  Duvessa (D:4)
  9 orc warriors
  2 eyes of draining
  2 phantoms
  2 black bears
  4 ice beasts
  A sky beast (D:7)
  7 ogres
  A necrophage (D:10)
  5 centaurs
  2 big kobolds (D:11)
  5 bullfrogs
  Dowan (D:4)
  3 scorpions
  A howler monkey (D:5)
  2 crimson imps
  2 centaur zombies
  2 quasits
  6 hounds
  Crazy Yiuf (D:3)
  3 jellies
  5 orc wizards
  6 orc priests
  2 bullfrog skeletons
  4 iguanas
  Ijyb (D:5)
  10 worker ants
  A big kobold zombie (Ossuary)
  3 hound zombies (Ossuary)
  A hound skeleton (D:8)
  5 mummies
  A worker ant zombie (D:10)
  Robin (D:3)
  A howler monkey skeleton (D:5)
  3 gnolls (D:9)
  A river rat (D:4)
  12 adders
  A shadow imp (D:10)
  An ooze (D:6)
  An adder skeleton (D:10)
  2 adder zombies (Ossuary)
  3 worms
  5 dart slugs
  11 leopard geckos
  44 orcs
  2 ball pythons
  10 giant cockroaches
  A gnoll zombie (Ossuary)
  18 goblins
  5 hobgoblins
  13 jackals
  6 quokkas
  7 bats
  9 frilled lizards
  A goblin zombie (Ossuary)
  A hobgoblin zombie (Ossuary)
  20 kobolds
  2 kobold zombies (Ossuary)
  A leopard gecko zombie (D:6)
  A quokka skeleton (D:6)
  A quokka zombie (D:5)
  10 rats
  A rat zombie (Ossuary)
322 creatures vanquished.

Notes
Turn   | Place    | Note
-------+----------+-------------------------------------------
     0 | D:1      | n0claF the Minotaur Gladiator began the quest for the Orb.
     0 | D:1      | Reached XP level 1. HP: 18/18 MP: 0/0
    79 | D:1      | Reached XP level 2. HP: 19/25 MP: 1/1
    97 | D:1      | Reached skill level 1 in Armour
   396 | D:1      | Reached skill level 4 in Staves
   617 | D:1      | Reached XP level 3. HP: 31/31 MP: 2/2
   877 | D:2      | Reached XP level 4. HP: 13/38 MP: 3/3
  2005 | D:3      | Reached XP level 5. HP: 44/46 MP: 4/4
  2198 | D:3      | Noticed Robin
  2231 | D:3      | Reached skill level 5 in Staves
  2247 | D:3      | Killed Robin
  2545 | D:3      | Found a faded altar of an unknown god.
  2657 | D:3      | Found a runed door.
  2734 | D:3      | Found a shattered altar of Ashenzari.
  2787 | D:3      | Noticed Crazy Yiuf
  2796 | D:3      | Killed Crazy Yiuf
  2796 | D:3      | Reached XP level 6. HP: 25/53 MP: 3/5
  2985 | D:4      | Found a shimmering altar of Xom.
  2989 | D:4      | Found an opulent altar of Gozag.
  3018 | D:4      | Reached skill level 5 in Dodging
  3041 | D:4      | Reached skill level 5 in Fighting
  3041 | D:4      | Reached XP level 7. HP: 47/61 MP: 6/6
  3154 | D:4      | Noticed Duvessa
  3160 | D:4      | Noticed Dowan
  3168 | D:4      | Killed Duvessa
  3171 | D:4      | Reached skill level 6 in Staves
  3183 | D:4      | Killed Dowan
  3316 | D:4      | Noticed Grinder
  3323 | D:4      | Paralysed by Grinder for 7 turns
  3339 | D:4      | Paralysed by Grinder for 2 turns
  3342 | D:4      | Killed Grinder
  3342 | D:4      | Reached skill level 5 in Armour
  3520 | D:4      | Found a bloodstained altar of Trog.
  3777 | D:4      | Reached XP level 8. HP: 69/70 MP: 7/7
  4045 | D:5      | Entered Level 5 of the Dungeon
  4045 | D:5      | Noticed Ijyb
  4052 | D:5      | Killed Ijyb
  4212 | D:5      | Noticed Sigmund
  4221 | D:5      | Killed Sigmund
  4326 | D:5      | Reached skill level 7 in Staves
  4727 | D:6      | Found a hide-covered altar of Uskayaw.
  4754 | D:6      | Found a sand-covered staircase.
  4763 | Ossuary  | Entered an ossuary
  5784 | D:6      | Reached XP level 9. HP: 59/79 MP: 8/8
  5986 | D:7      | Reached skill level 8 in Staves
  6137 | D:7      | Found a staircase to the Ecumenical Temple.
  6143 | Temple   | Entered the Ecumenical Temple
  6294 | Temple   | Became a worshipper of Warmaster Okawaru
  6877 | D:8      | Noticed a two-headed ogre
  6888 | D:8      | Killed a two-headed ogre
  6888 | D:8      | Reached * piety under Okawaru
  6951 | D:8      | Reached skill level 9 in Staves
  7122 | D:8      | Found a sparkling altar of Nemelex Xobeh.
  7239 | D:8      | Found a staircase to the Lair.
  7259 | D:8      | Reached ** piety under Okawaru
  7637 | D:9      | Noticed a two-headed ogre
  7644 | D:9      | Noticed a manticore
  7646 | D:9      | Reached XP level 10. HP: 86/91 MP: 7/9
  7988 | D:9      | Killed a two-headed ogre
  8327 | D:9      | Killed a manticore
  8327 | D:9      | Reached *** piety under Okawaru
  8327 | D:9      | Reached skill level 10 in Staves
  8611 | D:9      | Found a roughly hewn altar of Beogh.
  8611 | D:9      | Found a staircase to the Orcish Mines.
  9417 | D:10     | Entered Level 10 of the Dungeon
  9417 | D:10     | Noticed a two-headed ogre
  9425 | D:10     | Killed a two-headed ogre
  9425 | D:10     | Reached skill level 10 in Fighting
  9623 | D:10     | Found Sepp's General Store.
  9628 | D:10     | Found Pyahos's Gadget Boutique.
  9827 | D:10     | Found Anajuz's Jewellery Emporium.
  9835 | D:10     | Bought the amulet "Gylas" {Reflect Dex+3 SH+3} for 435 gold pieces
  9936 | D:10     | Found Kyadeowk's Assorted Antiques.
 10167 | D:10     | Reached skill level 10 in Armour
 10193 | D:10     | Reached **** piety under Okawaru
 10264 | D:11     | Found a labyrinth entrance.
 10264 | D:11     | Found a burning altar of Makhleb.
 10268 | Lab      | Entered a labyrinth
 11437 | Lab      | Noticed a minotaur
 11447 | Lab      | Killed a minotaur
 11447 | Lab      | Reached skill level 10 in Dodging
 11447 | Lab      | Reached XP level 11. HP: 52/101 MP: 7/10
 11474 | Lab      | Got an ancient cloak
 11475 | Lab      | Got a transparent hand crossbow
 11634 | D:11     | Noticed Nergalle
 11646 | D:11     | Killed Nergalle
 11711 | D:11     | Noticed a four-headed hydra
 11754 | D:10     | Killed a nine-headed hydra
 11754 | D:10     | Reached skill level 11 in Staves
 12161 | D:11     | Noticed a two-headed ogre
 12170 | D:11     | Killed a two-headed ogre
 12171 | D:11     | Noticed Fannar
 12573 | D:11     | Identified the +8 hand crossbow "Ytuppeerie" {freeze, rC+ Int+4} (You found it in a labyrinth)
 12708 | D:11     | Reached ***** piety under Okawaru
 12737 | D:11     | Identified the +4 cloak "Ciusom" {rF+ Dex+4} (You found it in a labyrinth)
 12781 | D:11     | Noticed a two-headed ogre
 12781 | D:11     | Noticed a two-headed ogre
 12790 | D:11     | Killed a two-headed ogre
 12804 | D:11     | Killed a two-headed ogre
 12997 | D:11     | HP: 5/102 [Fannar/Ozocubu's Refrigeration (12)]
 13006 | D:10     | HP: 5/102 [Fannar/quarterstaff of freezing (2)]
 13454 | D:11     | Got a brightly glowing leather armour
 13651 | D:11     | Identified the cursed +0 leather armour of Carauwin {*Slow rN++ rCorr Stlth+} (You found it on level 11 of the Dungeon)
 13754 | D:12     | Noticed a two-headed ogre
 13763 | D:12     | Killed a two-headed ogre
 13763 | D:12     | Reached skill level 1 in Crossbows
 13862 | D:12     | Noticed a death knight
 13878 | D:12     | Killed a death knight
 13902 | D:12     | Reached XP level 12. HP: 26/111 MP: 9/11
 14278 | D:12     | Noticed a two-headed ogre
 14282 | D:12     | Killed a two-headed ogre
 14282 | D:12     | Reached skill level 12 in Staves
 14296 | D:12     | Noticed Rupert
 14319 | D:12     | Paralysed by Rupert for 2 turns
 14327 | D:12     | Slain by Rupert

Skill      XL: |  1  2  3  4  5  6  7  8  9 10 11 12 |
---------------+-------------------------------------+-----
Armour         | 1 2 3 4 5 6 8 10 11 | 11.5
Staves         | 4 5 6 7 9 10 11 12 | 12.0
Fighting       | 3 4 5 6 7 9 10 11 | 11.8
Dodging        | 4 5 6 7 8 10 11 | 11.2
Crossbows      | 2 3 |  3.0
Throwing       | |  2.0

Action                   |  1- 3 |  4- 6 |  7- 9 | 10-12 || total
-------------------------+-------+-------+-------+-------++-------
Melee: Quarterstaff      |    66 |   128 |   262 |     2 ||   458
       Headbutt          |     4 |    28 |    60 |   100 ||   192
       Lajatang          |       |       |    42 |   356 ||   398
 Fire: Hand crossbow     |       |       |       |     2 ||     2
Throw: Throwing net      |       |       |     2 |       ||     2
Invok: Heroism           |       |       |       |     4 ||     4
Evoke: Wand              |       |       |       |    10 ||    10
  Use: Potion            |       |     1 |     1 |     2 ||     4
       Scroll            |       |       |    13 |     6 ||    19
 Stab: Sleeping          |       |       |       |     1 ||     1
  Eat: Chunk             |       |     6 |    16 |    10 ||    32
       Ration            |       |       |       |     3 ||     3
Armor: Leather armour    |    24 |    18 |       |    11 ||    53
       Scale mail        |       |     8 |    13 |       ||    21
       Chain mail        |       |       |   177 |   136 ||   313
Dodge: Dodged            |    53 |    66 |   161 |   252 ||   532
Block: Other             |       |       |       |    30 ||    30
       Reflection        |       |       |       |     3 ||     3
